 Dungeon Crawl Stone Soup version bcrawl-1.24.1 (webtiles) character file.

Game seed: 17933229311838182248

593 Slyspawn the Covered (level 7, -1/61 HPs)
             Began as a Hill Orc Fighter on June 18, 2020.
             Killed by divine providence
             ... invoked by an orc priest
              (10 damage)
             ... on level 4 of the Dungeon.
             The game lasted 00:08:43 (3718 turns).

Slyspawn the Covered (Hill Orc Fighter)             Turns: 3718, Time: 00:08:44

Health: -1/61      AC: 11    Str: 26      XL:     7   Next: 39%
Magic:  7/7        EV:  7    Int:  8      God:
Gold:   281        SH: 11    Dex:  9 (10) Spells: 6/6 levels left

rFire    . . .     SeeInvis .   a - +0 war axe
rCold    . . .     Gourm    .   c - +1 medium shield
rNeg     . . .     Faith    .   b - +0 scale mail
rPois    .         Spirit   .   p - +0 helmet
rElec    .         Reflect  .   o - +0 cloak
rCorr    .         Harm     .   (no gloves)
MR       .....                  k - +0 pair of boots
Stlth    ..........             (no amulet)
HPRegen  0.60/turn              (no ring)
MPRegen  0.10/turn              (no ring)

@: mighty
A: deterioration 1, regeneration 1, MP-powered wands
a: Convert to Beogh


You were on level 4 of the Dungeon.
You were not hungry.

You visited 1 branch of the dungeon, and saw 4 of its levels.

You collected 281 gold pieces.

Inventory:

Hand Weapons
 a - a +0 war axe (weapon)
Armour
 b - a +0 scale mail (worn)
 c - a +1 medium shield (worn)
 k - a +0 pair of boots (worn)
 o - a +0 cloak (worn)
 p - a +0 helmet (worn)
Jewellery
 n - the ring of Fedhas's Vengeance {Str+2 Int-4 SInv Stlth-}
   (You took it off an orc on level 3 of the Dungeon)

   [ring of attention]

   It affects your strength (+2).
   It affects your intelligence (-4).
   It lets you see invisible.
   It makes you less stealthy.
Scrolls
 f - 4 scrolls of teleportation
 h - 2 scrolls of remove curse {unknown}
 i - a scroll of blinking
 j - a scroll of identify
 l - 3 scrolls of enchant weapon {unknown}
Potions
 g - a potion of magic {unknown}
 m - a potion of flight {unknown}
 q - a potion of curing {unknown}
Comestibles
 e - 10 rations {!d}
 r - a chunk of flesh


   Skills:
 + Level 5.1 Fighting
   Level 5.1 Short Blades
   Level 5.1 Long Blades
   Level 5.1 Axes
   Level 5.1 Maces & Flails
   Level 5.1 Polearms
   Level 5.1 Staves
 + Level 6.2 Armour
 + Level 2.1 Dodging
 + Level 5.2 Shields
   Level 5.1 Unarmed Combat


You had 6 spell levels left.
You didn't know any spells.
Your spell library was empty.

Dungeon Overview and Level Annotations

Branches:
Dungeon (4/12)
 Temple: D:4-7

Altars:
Elyvilon
Wu Jian


Innate Abilities, Weirdness & Mutations

Your body sometimes deteriorates upon taking damage.
Your natural rate of healing is unusually fast.
You expend magic power (3 MP) to strengthen your wands.


Message History

You closely miss the orc priest.
The orc priest is almost dead.
You miss something. You block something's attack.
The orc priest hits you but does no damage.
You block something's attack.
You closely miss the orc priest.
The orc priest is almost dead.
You miss something. Something hits you but does no damage.
The orc priest hits you with a +0 flail.
* * * LOW HITPOINT WARNING * * *
Something hits you but does no damage.
Your scale mail prevents you from hitting the orc priest.
The orc priest is almost dead.
You barely miss something.
You hear some strange, mumbled words.
A magic dart appears from out of thin air!
The magic dart hits you but does no damage.
The orc priest invokes the aid of Beogh against you.
Beogh smites you!
You die...

...........# #.....##......
...........# #...(.#####.#.
........o..# #>....####....
...........###...........##
..........o..#.....####.#..
.####.......O#.....# #....
+...####)#.....# #....
#...#.o#.#.....#####...
##..#.@{)######........
#..####.# #.....^..
'..P....# #........
#.......######......##
##..####.............#.
#...#..#...#####.#####. #
#.⌠.#..#.#.............
#.####...').#.####..).#####.
#.P.....##'##.##.......# #.


You could see an orc priest.

Vanquished Creatures
  An ogre (D:4)
  A scorpion (D:4)
  2 howler monkeys
  An orc wizard (D:4)
  A hound (D:4)
  Crazy Yiuf (D:3)
  An orc priest (D:4)
  Jessica (D:2)
  Terence (D:2)
  Natasha (thrice) (D:3)
  3 adders (D:3)
  An ooze (D:2)
  A worm (D:2)
  A dart slug (D:1)
  2 leopard geckos (D:1)
  16 orcs
  5 giant cockroaches
  8 goblins
  18 hobgoblins
  A quokka (D:2)
  2 ball pythons
  2 bats (D:1)
  A frilled lizard (D:2)
  13 kobolds
  7 rats
94 creatures vanquished.

Notes
Turn   | Place    | Note
-------+----------+-------------------------------------------
     0 | D:1      | Slyspawn the Hill Orc Fighter began the quest for the Orb.
     0 | D:1      | Reached XP level 1. HP: 20/20 MP: 1/1
   122 | D:1      | Reached XP level 2. HP: 15/28 MP: 2/2
   673 | D:1      | Reached XP level 3. HP: 33/34 MP: 3/3
  1186 | D:2      | Noticed Terence
  1205 | D:2      | Killed Terence
  1205 | D:2      | Reached XP level 4. HP: 21/41 MP: 4/4
  1555 | D:2      | Found an ornate altar of the Wu Jian Council.
  1575 | D:2      | Found a faded altar of an unknown god.
  2072 | D:2      | Gained mutation: Your natural rate of healing is unusually
                  | fast. [potion of mutation]
  2072 | D:2      | Gained mutation: Your body sometimes deteriorates upon
                  | taking damage. [potion of mutation]
  2072 | D:2      | Gained mutation: You expend magic power (3 MP) to
                  | strengthen your wands. [potion of mutation]
  2198 | D:3      | Noticed Jessica
  2206 | D:2      | Killed Jessica
  2206 | D:2      | Reached skill level 4 in Armour
  2206 | D:2      | Reached XP level 5. HP: 41/47 MP: 5/5
  2472 | D:3      | Reached skill level 1 in Dodging
  2494 | D:3      | Found a white marble altar of Elyvilon.
  2499 | D:3      | Noticed Natasha
  2510 | D:3      | Killed Natasha
  2577 | D:3      | Noticed Natasha
  2582 | D:3      | Killed Natasha
  2582 | D:3      | Reached skill level 5 in Armour
  2695 | D:3      | Reached XP level 6. HP: 55/55 MP: 6/6
  2712 | D:3      | Identified the ring of Fedhas's Vengeance {Str+2 Int-4 SInv
                  | Stlth-}
  2936 | D:3      | Found a runed door.
  3010 | D:3      | Noticed Natasha
  3035 | D:3      | Killed Natasha
  3222 | D:3      | Noticed Crazy Yiuf
  3225 | D:3      | Killed Crazy Yiuf
  3441 | D:4      | Reached skill level 5 in Fighting
  3470 | D:4      | Reached XP level 7. HP: 54/61 MP: 7/7
  3677 | D:4      | Reached skill level 6 in Armour
  3677 | D:4      | Reached skill level 5 in Shields
  3718 | D:4      | Killed from afar by an orc priest

Skill      XL: |  1  2  3  4  5  6  7 |
---------------+----------------------+-----
Shields        | 4 5 |  5.2
Armour         | 4 5 6 |  6.2
Dodging        | 1 2 |  2.1
Fighting       | 5 |  5.1
Short Blades   | |  5.1
Long Blades    | |  5.1
Axes           | |  5.1
Maces & Flails | |  5.1
Polearms       | |  5.1
Staves         | |  5.1
Unarmed Combat | |  5.1

Action                   |  1- 3 |  4- 6 |  7- 9 || total
-------------------------+-------+-------+-------++-------
Melee: War axe           |   139 |   212 |    42 ||   393
  Use: Scroll            |     4 |     5 |       ||     9
       Potion            |       |     2 |     1 ||     3
  Eat: Chunk             |     1 |     8 |     1 ||    10
Armor: Scale mail        |    42 |    74 |    18 ||   134
Dodge: Dodged            |    20 |    55 |     6 ||    81
Block: Medium shield     |    78 |   108 |    24 ||   210
